3L
HOUSTON 1837 COLT .45S @ PANAMA CITY PIRANHAS
09/04/2020
 
TOP OF THE 1ST
Houston 1837 Colt .45s batting - Pitching for Panama City Piranhas : RHP Gunner Hardy
Pitching: RHP Gunner Hardy
Batting: RHB Ed Anderson 0-0: Foul Ball, location: 2F
0-1: Foul Ball, location: 2F
0-2: Strikes out swinging
Batting: LHB Ray Merrill 0-0: Ball
1-0: Fly out, F3 (Popup, 3F)
Batting: RHB Bob Dickerson 0-0: Foul Ball, location: 2F
0-1: Called Strike
0-2: Ball
1-2: Ball
2-2: Foul Ball, location: 2F
2-2: Foul Ball, location: 2F
2-2: Foul Ball, location: 2F
2-2: Ball
3-2: Base on Balls
Batting: LHB Juan Rodríguez 0-0: Ball
1-0: Ball
2-0: Called Strike
2-1: Ground out 5-3 (Groundball, 5S)
Top of the 1st over - 0 run(s), 0 hit(s), 0 error(s), 1 left on base; Houston 1837 0 - Panama City 0
BOTTOM OF THE 1ST
Panama City Piranhas batting - Pitching for Houston 1837 Colt .45s : RHP Fraser Cuevas
Pitching: RHP Fraser Cuevas
Batting: RHB Félix Rodríguez 0-0: Ball
1-0: Called Strike
1-1: SINGLE (Line Drive, 8RS)
Batting: LHB Francisco Sánchez 0-0: Fly out, F8 (Line Drive, 8LM)
Batting: LHB Melvin Castro 0-0: Ball
1-0: Called Strike
1-1: SINGLE (Groundball, 3L)
Félix Rodríguez to second
Runner from 2nd tries for 3rd, SAFE, throw made to third
Batting: SHB Marc Talamante 0-0: Called Strike
0-1: Ball
1-1: Fly out, F8 (Flyball, 8LXD)
Runner from 3rd tags up, SCORES, no throw
Batting: LHB Arturo Guzmán 0-0: Ball
1-0: Called Strike
1-1: Swinging Strike
1-2: Foul Ball, location: 2F
1-2: Fly out, F9 (Line Drive, 9M)
Bottom of the 1st over - 1 run(s), 2 hit(s), 0 error(s), 1 left on base; Houston 1837 0 - Panama City 1
TOP OF THE 2ND
Houston 1837 Colt .45s batting - Pitching for Panama City Piranhas : RHP Gunner Hardy
Batting: RHB Rob Warner 0-0: Ball
1-0: Called Strike
1-1: Foul Ball, location: 2F
1-2: Ball
2-2: Ball
3-2: Strikes out swinging
Batting: LHB Jack Robbins 0-0: Fly out, F8 (Flyball, 8RXD)
Batting: LHB Mark McClear 0-0: Called Strike
0-1: Ball
1-1: Foul Ball, location: 2F
1-2: Ground out 4-3 (Groundball, 34)
Top of the 2nd over - 0 run(s), 0 hit(s), 0 error(s), 0 left on base; Houston 1837 0 - Panama City 1
BOTTOM OF THE 2ND
Panama City Piranhas batting - Pitching for Houston 1837 Colt .45s : RHP Fraser Cuevas
Batting: RHB Jeff Bass 0-0: Called Strike
0-1: Ball
1-1: Called Strike
1-2: Foul Ball, location: 2F
1-2: Foul Ball, location: 2F
1-2: Foul Ball, location: 2F
1-2: Ball
2-2: Ball
3-2: Base on Balls
Batting: RHB Vern Ewing 0-0: Ball
1-0: Called Strike
1-1: Called Strike
1-2: Ball
2-2: Fly out, F9 (Flyball, 9LMF)
Batting: RHB Bertrand Sunter 0-0: Ball
1-0: Ball
2-0: Ball
3-0: Called Strike
3-1: Fly out, F8 (Flyball, 8LXD)
Batting: RHB Gunner Hardy 0-0: Foul Ball, location: 2F
0-1: Ball
1-1: Swinging Strike
1-2: Ground out 4-3 (Groundball, 4)
Bottom of the 2nd over - 0 run(s), 0 hit(s), 0 error(s), 1 left on base; Houston 1837 0 - Panama City 1
TOP OF THE 3RD
Houston 1837 Colt .45s batting - Pitching for Panama City Piranhas : RHP Gunner Hardy
Batting: SHB Fraser Cuevas 0-0: Foul Ball, location: 2F
0-1: Ball
1-1: Ball
2-1: Swinging Strike
2-2: Foul Ball, location: 2F
2-2: Ball
3-2: Strikes out swinging
Batting: RHB Steve Hinkle 0-0: Called Strike
0-1: Called Strike
0-2: Ball
1-2: Foul Ball, location: 2F
1-2: Ball
2-2: Strikes out swinging
Batting: RHB Ed Anderson 0-0: Ball
1-0: Foul Ball, location: 2F
1-1: Foul Ball, location: 2F
1-2: Ball
2-2: Ball
3-2: Fly out, F8 (Line Drive, 8LS)
Top of the 3rd over - 0 run(s), 0 hit(s), 0 error(s), 0 left on base; Houston 1837 0 - Panama City 1
BOTTOM OF THE 3RD
Panama City Piranhas batting - Pitching for Houston 1837 Colt .45s : RHP Fraser Cuevas
Batting: RHB Félix Rodríguez 0-0: Ground out 5-3 (Groundball, 5S)
Batting: LHB Francisco Sánchez 0-0: Ball
1-0: Ball
2-0: Ball
3-0: Swinging Strike
3-1: Foul Ball, location: 2F
3-2: Strikes out swinging
Batting: LHB Melvin Castro 0-0: Called Strike
0-1: Foul Ball, location: 2F
0-2: Strikes out swinging
Bottom of the 3rd over - 0 run(s), 0 hit(s), 0 error(s), 0 left on base; Houston 1837 0 - Panama City 1
TOP OF THE 4TH
Houston 1837 Colt .45s batting - Pitching for Panama City Piranhas : RHP Gunner Hardy
Batting: LHB Ray Merrill 0-0: Ball
1-0: Foul Ball, location: 2F
1-1: Fly out, F3 (Popup, 23)
Batting: RHB Bob Dickerson 0-0: Called Strike
0-1: Ball
1-1: Ball
2-1: Swinging Strike
2-2: Fly out, F3 (Popup, 3L)
Batting: LHB Juan Rodríguez 0-0: Ball
1-0: Foul Ball, location: 2F
1-1: Swinging Strike
1-2: Strikes out swinging
Top of the 4th over - 0 run(s), 0 hit(s), 0 error(s), 0 left on base; Houston 1837 0 - Panama City 1
BOTTOM OF THE 4TH
Panama City Piranhas batting - Pitching for Houston 1837 Colt .45s : RHP Fraser Cuevas
Batting: SHB Marc Talamante 0-0: Ball
1-0: Ball
2-0: Ball
3-0: Called Strike
3-1: Base on Balls
Batting: LHB Arturo Guzmán 0-0: Ball
1-0: Called Strike
1-1: Fly out, F8 (Flyball, 8LM)
Batting: RHB Jeff Bass 0-0: Called Strike
0-1: Ball
1-1: Ball
2-1: Grounds into double play, 6-4-3 (Groundball, 6)
Bottom of the 4th over - 0 run(s), 0 hit(s), 0 error(s), 0 left on base; Houston 1837 0 - Panama City 1
TOP OF THE 5TH
Houston 1837 Colt .45s batting - Pitching for Panama City Piranhas : RHP Gunner Hardy
Batting: RHB Rob Warner 0-0: Called Strike
0-1: Called Strike
0-2: Strikes out looking
Batting: LHB Jack Robbins 0-0: Called Strike
0-1: Ball
1-1: Called Strike
1-2: Foul Ball, location: 2F
1-2: Ball
2-2: Strikes out swinging
Batting: LHB Mark McClear 0-0: Ball
1-0: Fly out, F7 (Flyball, 78S)
Top of the 5th over - 0 run(s), 0 hit(s), 0 error(s), 0 left on base; Houston 1837 0 - Panama City 1
BOTTOM OF THE 5TH
Panama City Piranhas batting - Pitching for Houston 1837 Colt .45s : RHP Fraser Cuevas
Batting: RHB Vern Ewing 0-0: Swinging Strike
0-1: Called Strike
0-2: Ground out 5-3 (Groundball, 56S)
Batting: RHB Bertrand Sunter 0-0: Foul Ball, location: 2F
0-1: Ball
1-1: Ground out 2-3 (Groundball, 23)
Batting: RHB Gunner Hardy 0-0: Called Strike
0-1: Ball
1-1: Swinging Strike
1-2: Foul Ball, location: 2F
1-2: Fly out, F9 (Flyball, 9M)
Bottom of the 5th over - 0 run(s), 0 hit(s), 0 error(s), 0 left on base; Houston 1837 0 - Panama City 1
TOP OF THE 6TH
Houston 1837 Colt .45s batting - Pitching for Panama City Piranhas : RHP Gunner Hardy
Batting: SHB Fraser Cuevas 0-0: Called Strike
0-1: Ball
1-1: Foul Ball, location: 2F
1-2: Strikes out looking
Batting: RHB Steve Hinkle 0-0: Called Strike
0-1: Swinging Strike
0-2: Foul Ball, location: 2F
0-2: Ball
1-2: Foul Ball, location: 2F
1-2: Fly out, F7 (Flyball, 78M)
Batting: RHB Ed Anderson 0-0: Ball
1-0: Called Strike
1-1: Called Strike
1-2: Strikes out looking
Top of the 6th over - 0 run(s), 0 hit(s), 0 error(s), 0 left on base; Houston 1837 0 - Panama City 1
BOTTOM OF THE 6TH
Panama City Piranhas batting - Pitching for Houston 1837 Colt .45s : RHP Fraser Cuevas
Batting: RHB Félix Rodríguez 0-0: Ball
1-0: Called Strike
1-1: Swinging Strike
1-2: SINGLE (Line Drive, 4MD)
Batting: LHB Francisco Sánchez 0-0: Ball
1-0: Called Strike
1-1: SINGLE (Line Drive, 56D)
Félix Rodríguez to second
Batting: LHB Melvin Castro 0-0: Foul Ball, location: 2F
0-1: Ball
1-1: Ball
2-1: Ball
3-1: Base on Balls
Félix Rodríguez to third
Francisco Sánchez to second
Batting: SHB Marc Talamante 0-0: Ball
1-0: SINGLE (Groundball, 6M)
Félix Rodríguez scores
Francisco Sánchez to third
Melvin Castro to second
Batting: LHB Arturo Guzmán 0-0: Ball
1-0: Swinging Strike
1-1: Foul Ball, location: 2F
1-2: Foul Ball, location: 2F
1-2: Ball
2-2: Ball
3-2: DOUBLE (Flyball, 9LD)
Francisco Sánchez scores
Melvin Castro scores
Marc Talamante to third
Batting: RHB Jeff Bass 0-0: Ball
1-0: Called Strike
1-1: Ball
2-1: Ball
3-1: Foul Ball, location: 2F
3-2: Foul Ball, location: 2F
3-2: Strikes out swinging
Pitching: RHP Ricardo Martínez
Batting: RHB Vern Ewing 0-0: Ball
1-0: Fly out, F8 (Flyball, 8LXD)
Runner from 3rd tags up, SCORES, no throw
Batting: RHB Bertrand Sunter 0-0: Ball
1-0: Ball
2-0: Swinging Strike
2-1: Ball
3-1: Base on Balls
Batting: RHB Gunner Hardy 0-0: Ball
1-0: Swinging Strike
1-1: Fly out, F8 (Flyball, 8LM)
Bottom of the 6th over - 4 run(s), 4 hit(s), 0 error(s), 2 left on base; Houston 1837 0 - Panama City 5
TOP OF THE 7TH
Houston 1837 Colt .45s batting - Pitching for Panama City Piranhas : RHP Gunner Hardy
Batting: LHB Ray Merrill 0-0: Ball
1-0: Ball
2-0: Called Strike
2-1: Swinging Strike
2-2: Strikes out swinging
Batting: RHB Bob Dickerson 0-0: Foul Ball, location: 2F
0-1: Foul Ball, location: 2F
0-2: SINGLE (Line Drive, 9LM)
Batting: LHB Juan Rodríguez 0-0: Ball
1-0: SINGLE (Line Drive, 9S)
Bob Dickerson to second
Batting: RHB Rob Warner 0-0: Ball
1-0: Swinging Strike
1-1: Called Strike
1-2: Ball
2-2: Foul Ball, location: 2F
2-2: Strikes out looking
Batting: LHB Jack Robbins 0-0: Ball
1-0: Ball
Wild Pitch!
Bob Dickerson to third
Juan Rodríguez to second
2-0: Called Strike
2-1: Ball
3-1: Ground out 1-3 (Groundball, 13)
Top of the 7th over - 0 run(s), 2 hit(s), 0 error(s), 2 left on base; Houston 1837 0 - Panama City 5
BOTTOM OF THE 7TH
Panama City Piranhas batting - Pitching for Houston 1837 Colt .45s : RHP Ricardo Martínez
Batting: RHB Félix Rodríguez 0-0: Ball
1-0: Ball
2-0: Called Strike
2-1: DOUBLE (Groundball, 3L)
Batting: LHB Francisco Sánchez 0-0: Foul Ball, location: 2F
0-1: Ball
1-1: Foul Ball, location: 2F
1-2: Strikes out swinging
Batting: LHB Melvin Castro 0-0: Foul Ball, location: 2F
0-1: SINGLE (Groundball, 34D)
Félix Rodríguez to third
Runner from 3rd tries for Home, SAFE, no throw or cutoff
Batting: SHB Marc Talamante 0-0: Called Strike
0-1: Ball
1-1: Called Strike
1-2: Foul Ball, location: 2F
1-2: Ball
2-2: DOUBLE (Flyball, 7LS)
Melvin Castro to third
Runner from 3rd tries for Home, SAFE, throw made at trailing runner, SAFE at third!
Batting: LHB Arturo Guzmán 0-0: Ball
1-0: Called Strike
1-1: Called Strike
1-2: Strikes out swinging
Batting: RHB Jeff Bass 0-0: Foul Ball, location: 2F
0-1: Fly out, F5 (Line Drive, 5)
Bottom of the 7th over - 2 run(s), 3 hit(s), 0 error(s), 1 left on base; Houston 1837 0 - Panama City 7
TOP OF THE 8TH
Houston 1837 Colt .45s batting - Pitching for Panama City Piranhas : RHP Gunner Hardy
Now in LF: Hal Romaine
Batting: LHB Mark McClear 0-0: Called Strike
0-1: Swinging Strike
0-2: SINGLE (Groundball, 56)
Pinch Hitting: RHB Carlos Vela 0-0: Called Strike
0-1: Ball
1-1: Foul Ball, location: 2F
1-2: Strikes out swinging
Pitching: RHP Lester Craft
Batting: RHB Steve Hinkle 0-0: Grounds into double play, 5-4-3 (Groundball, 56)
Top of the 8th over - 0 run(s), 1 hit(s), 0 error(s), 0 left on base; Houston 1837 0 - Panama City 7
BOTTOM OF THE 8TH
Panama City Piranhas batting - Pitching for Houston 1837 Colt .45s : RHP Ricardo Martínez
Pitching: RHP Rafael Clemente
Batting: RHB Vern Ewing 0-0: Foul Ball, location: 2F
0-1: Fly out, F3 (Line Drive, 34)
Batting: RHB Bertrand Sunter 0-0: Foul Ball, location: 2F
0-1: Ball
1-1: Ball
2-1: Swinging Strike
2-2: Foul Ball, location: 2F
2-2: Strikes out looking
Pinch Hitting: SHB Theodore Buck 0-0: Called Strike
0-1: Called Strike
0-2: DOUBLE (Line Drive, 78M)
Batting: RHB Félix Rodríguez 0-0: Ball
1-0: Swinging Strike
1-1: Ball
2-1: Fly out, F3 (Popup, 3S)
Bottom of the 8th over - 0 run(s), 1 hit(s), 0 error(s), 1 left on base; Houston 1837 0 - Panama City 7
TOP OF THE 9TH
Houston 1837 Colt .45s batting - Pitching for Panama City Piranhas : RHP Lester Craft
Pitching: LHP Tommy Blevins
Batting: RHB Ed Anderson 0-0: Ball
1-0: Swinging Strike
1-1: Called Strike
1-2: Strikes out swinging
Batting: LHB Ray Merrill 0-0: Called Strike
0-1: Foul Ball, location: 2F
0-2: Ball
1-2: Ball
2-2: Ball
3-2: SINGLE (Line Drive, 34D)
Batting: RHB Bob Dickerson 0-0: Fly out, F8 (Flyball, 8LXD)
Batting: LHB Juan Rodríguez 0-0: Swinging Strike
0-1: Ball
1-1: Ball
2-1: Ball
3-1: Foul Ball, location: 2F
3-2: Strikes out looking
Top of the 9th over - 0 run(s), 1 hit(s), 0 error(s), 1 left on base; Houston 1837 0 - Panama City 7
This league is powered by Out of the Park Baseball, the baseball management simulation game for PC, Mac and Linux
Friday, October 23rd, 2015 - OOTP Baseball 16.9 Build 39